 Dungeon Crawl Stone Soup version 0.28.0-53-g5a82cb258f (webtiles) character file.

Game seed: 11087946279524209828

35 Tirrikindir the Shield-Bearer (level 3, -2/26 HPs)
             Began as an Octopode Fighter on Aug 15, 2022.
             Slain by an adder (3 damage)
             ... on level 2 of the Dungeon.
             The game lasted 00:02:03 (843 turns).

Tirrikindir the Shield-Bearer (Octopode Fighter)     Turns: 843, Time: 00:02:06

Health: -2/26      AC:  1    Str: 15    XL:     3   Next: 33%
Magic:  3/3        EV: 13    Int: 10    God:
Gold:   35         SH:  4    Dex: 13    Spells: 2/2 levels left

rFire   + + .      SeeInvis .   a - +0 long sword
rCold   . . .      Faith    .   b - +0 buckler
rNeg    . . .      Spirit   .   (helmet restricted)
rPois   .          Reflect  .   d - amulet of regeneration
rElec   .          Harm     .   h - ring of protection from fire
rCorr   .          Rampage  .   j - ring of protection from fire
Will    .....                   i - ring of wizardry
Stlth   +++.......              (no ring)
HPRegen 0.88/turn               (no ring)
MPRegen 0.08/turn               (no ring)
                                (no ring)
                                (no ring)

@: lethally poisoned (-2 -> -5)
A: almost no armour, amphibious, 8 rings, camouflage 1, gelatinous body 1,
(nimble swimmer 1), tentacles
a: no special abilities


You were on level 2 of the Dungeon.
You visited 1 branch of the dungeon, and saw 2 of its levels.

You collected 35 gold pieces.

Inventory:

Hand Weapons
 a - a +0 long sword (weapon)
Missiles
 e - 2 boomerangs (quivered)
Armour
 b - a +0 buckler (worn)
Jewellery
 d - an amulet of regeneration (around mantle)
 f - a ring of ice
 h - a ring of protection from fire (left tentacle)
 i - a ring of wizardry (on tentacle)
 j - a ring of protection from fire (right tentacle)
Potions
 c - a potion of might
 g - a potion of resistance {unknown}


   Skills:
 + Level 3.1 Fighting
 * Level 2.7 Long Blades
 + Level 0.4 Throwing
 + Level 3.1 Dodging
 + Level 1.3 Stealth
 + Level 3.2 Shields


You had 2 spell levels left.
You didn't know any spells.
Your spell library contained the following spells:

 Spells                   Type           Power      Damage    Failure   Level
 Ensorcelled Hibernation  Hex/Ice        0%         N/A       28%         2
 Passwall                 Tmut/Erth      0%         N/A       28%         2
 Swiftness                Air            0%         N/A       50%         3


Dungeon Overview and Level Annotations

Branches:
Dungeon (2/15)

Altars:


Innate Abilities, Weirdness & Mutations

You cannot wear most types of armour.
You are amphibious.
You can wear up to eight rings at the same time.
Your skin changes colour to match your surroundings (Stealth+).
Your rubbery body absorbs attacks. (AC +1, EV +1)
((You are camouflaged when in or above water. (Stealth+)))
You have tentacles for arms and can constrict up to eight enemies at once.


Message History

The ball python skeleton grabs you.
The ball python skeleton constricts you.
You hit the ball python skeleton. You grab the ball python skeleton.
The ball python skeleton is almost destroyed.
You constrict the ball python skeleton.
You destroy the ball python skeleton!
i - a ring of wizardry
i - a ring of wizardry (on tentacle)
Okay, then.
An adder comes into view.
The adder hisses angrily.
The adder bites you.
You are poisoned.
The adder poisons you! The adder bites you.
You are more poisoned.
The adder poisons you!
You miss the adder. Your grab misses the adder.
You feel very sick. The adder bites you.
You completely miss the adder. Your grab misses the adder.
Your squeeze misses the adder.
You feel sick. The adder bites you. The adder misses you.
You hit the adder. Your grab misses the adder. You squeeze the adder.
The adder is severely wounded.
You feel sick. The adder bites you.
You are more poisoned.
The adder poisons you! The adder closely misses you.
You hit the adder but do no damage. Your grab misses the adder.
The adder is severely wounded.
You feel sick. The adder bites you.
* * * LOW HITPOINT WARNING * * *
You are more poisoned.
The adder poisons you!
You completely miss the adder. You grab the adder.
The adder is severely wounded.
You constrict the adder.
* * * LOW HITPOINT WARNING * * *
You feel very sick. The adder barely misses you. The adder bites you.
You die...

#..# #..# #..# # #. #..#
.## #.###..# ..#
#.....<##.##.#
####......##.#
######......####.######
........#...####@S....#
........###.....#####...
........# #.....#
........# #.#.#.##### .#
## ........# #.#.......#
.# #.. ........#
#..##..##.### #.##..#
.......>#
##...#......###.......
≈.......#
###.#..............
≈.......#
#.##..........P#


You could see an adder.

Vanquished Creatures
  3 adder skeletons (D:2)
  An endoplasm (D:1)
  2 giant cockroaches (D:1)
  2 goblins (D:1)
  2 hobgoblins (D:1)
  3 quokkas
  3 ball pythons
  A ball python skeleton (D:2)
  A bat (D:1)
  2 frilled lizards (D:1)
  2 kobolds
  5 rats (D:1)
27 creatures vanquished.

Vanquished Creatures (others)
  A withered plant (D:2)
1 creature vanquished.

Grand Total: 28 creatures vanquished

Notes
Turn   | Place    | Note
-------+----------+-------------------------------------------
     0 | D:1      | Tirrikindir the Octopode Fighter began the quest for the
                  | Orb.
     0 | D:1      | Reached XP level 1. HP: 16/16 MP: 1/1
   184 | D:1      | Reached XP level 2. HP: 21/21 MP: 2/2
   547 | D:1      | Reached skill level 1 in Stealth
   783 | D:2      | Reached XP level 3. HP: 26/26 MP: 3/3
   843 | D:2      | HP: 1/26 [poisoned by an adder]
   843 | D:2      | Slain by an adder

Illustrated notes

Levels and vault maps discovered:
D:1:      scummos_arrival_hexagon, layout_loops_cross, kennysheep_nondescript,
          minmay_tromino_i4
D:2:      layout_rooms, serial_undead, serial_undead_b, serial_undead_b,
          serial_undead_e, serial_undead_f, serial_undead_f, serial_undead_d,
          serial_undead_e

Skill      XL: |  1  2 |
---------------+-------+-----
Stealth        | 1 |  1.3
Fighting       | |  3.1
Long Blades    | |  2.7
Throwing       | |  0.4
Dodging        | |  3.1
Shields        | |  3.2

Action                   || total
-------------------------++-------
Melee: Long sword        ||    62
       Constrict         ||    13
       Tentacles         ||     7
       Punch             ||     2
  Use: Scroll            ||     2
       Potion            ||     1
 Stab: Sleeping          ||     4
Armor: Skin              ||     5
Dodge: Dodged            ||    35
Block: Buckler           ||    12
